 Dungeon Crawl Stone Soup version 0.28-a0-794-gafe8c5f9e9 (webtiles) character file.

Game seed: 13651437227846731428

134 kae the Caller (level 5, 0/30 HPs)
             Began as a Tengu Summoner on Nov 5, 2021.
             Succumbed to a water moccasin's poison
             ... on level 3 of the Dungeon.
             The game lasted 00:01:59 (3638 turns).

kae the Caller (Tengu Summoner)                     Turns: 3638, Time: 00:01:59

Health: 0/30       AC:  2    Str:  9    XL:     5   Next: 17%
Magic:  6/10       EV: 15    Int: 16    God:
Gold:   73         SH:  0    Dex: 14    Spells: 3/9 levels left

rFire   . . .      SeeInvis .   e - +1 dagger (venom)
rCold   . . .      Faith    .   (no shield)
rNeg    . . .      Spirit   .   a - +0 robe
rPois   .          Reflect  .   (helmet restricted)
rElec   .          Harm     .   (no cloak)
rCorr   .          Rampage  .   (no gloves)
Will    .....                   (boots unavailable)
Stlth   ++........              (no amulet)
HPRegen 0.10/turn               (no ring)
MPRegen 0.12/turn               (no ring)

@: lethally poisoned (0 -> -10), flying quickly and evasively, quick
A: beak, talons 3, nimble flight
a: no special abilities


You were on level 3 of the Dungeon.
You visited 1 branch of the dungeon, and saw 3 of its levels.

You collected 73 gold pieces.

Inventory:

Hand Weapons
 c - a +2 dagger of draining
 e - a +1 dagger of venom (weapon)
Armour
 a - a +0 robe (worn)
Potions
 h - a potion of flight


   Skills:
 + Level 1.7 Fighting
 + Level 3.1 Dodging
 - Level 2.0 Stealth
 + Level 2.7 Spellcasting
 * Level 6.1 Summonings


You had 3 spell levels left.
You knew the following spells:

 Your Spells              Type           Power      Damage    Failure   Level
a - Summon Small Mammal   Summ           84%        N/A       1%          1
b - Call Imp              Summ           21%        N/A       2%          2
c - Call Canine Familiar  Summ           21%        N/A       4%          3

Your spell library contained the following spells:

 Spells                   Type           Power      Damage    Failure   Level
 Summon Guardian Golem    Hex/Summ       12%        N/A       16%         3
 Animate Skeleton         Necr           4%         N/A       19%         1
 Apportation              Tloc           4%         N/A       19%         1
 Pain                     Necr           8%         1d4       19%         1
 Vampiric Draining        Necr           2%         2d6       50%         3
 Summon Lightning Spire   Summ/Air       12%        N/A       47%         4
 Alistair's Intoxication  Tmut/Pois      1%         N/A       99%         5
 Invisibility             Hex            1%         N/A       100%        6


Dungeon Overview and Level Annotations

Branches:
Dungeon (3/15)

Altars:


Innate Abilities, Weirdness & Mutations

You have a beak for a mouth.
You have claws for feet.
Your magical nature lets you fly swiftly and evasively.


Message History

The adder completely misses you.
Your crimson imp misses the water moccasin.
You swap places.
You kill the adder!
The water moccasin barely misses your crimson imp.
The water moccasin misses your crimson imp.
You swap places.
The water moccasin bites you but does no damage.
You hit the water moccasin. You peck the water moccasin.
The water moccasin is moderately wounded.
The water moccasin bites you.
You are lethally poisoned!
The water moccasin poisons you! The gnoll closely misses your hound.
You hit the water moccasin.
The water moccasin is moderately wounded.
You feel very sick.
The water moccasin bites you but does no damage.
The water moccasin barely misses you. The gnoll barely misses your hound.
You hit the water moccasin but do no damage.
The water moccasin is poisoned.
The water moccasin is moderately wounded.
* * * LOW HITPOINT WARNING * * *
You feel very sick. The water moccasin misses you.
The gnoll hits your hound with a +0 whip.
You hit the water moccasin.
The water moccasin is moderately wounded.
* * * LOW HITPOINT WARNING * * *
You feel sick. The water moccasin bites you.
* * * LOW HITPOINT WARNING * * *
You feel better. The water moccasin bites you.
* * * LOW HITPOINT WARNING * * *
You are lethally poisoned!
The water moccasin poisons you!
Your hound closely misses the gnoll.
The water moccasin bites you.
* * * LOW HITPOINT WARNING * * *
Your hound bites the gnoll.
You closely miss the water moccasin. You claw the water moccasin.
The water moccasin is heavily wounded.
You die...

..# #.....##..# #.##. ####
#.........# #.##.
#####.##..#####.##.
#.##...........
#.###.......... #g#
#.#####.### #.# #.## #†# #
###########g# #..# #.# #
.......S@5gh# ##.# #.# #
############# #.# #)# # #.#
#># # #.# #.# # #.# ##.###
#.###...## #########.....#.##
#.......(..##...##
#############.#######..#######


You could see a water moccasin (very poisoned, ally target), 2 gnolls, a
friendly hound (summoned) and a friendly crimson imp (summoned).

Vanquished Creatures
  Jessica (D:2)
  Natasha (D:3)
  2 adders
  A worm (D:3)
  3 dart slugs
  3 ball pythons
  2 bats
  4 endoplasms
  2 giant cockroaches
  3 goblins
  A hobgoblin (D:2)
  5 jackals
  A quokka (D:1)
  A frilled lizard (D:2)
  10 kobolds
  A rat (D:1)
41 creatures vanquished.

Vanquished Creatures (collateral kills)
  3 ball pythons
  2 goblins (D:1)
  A jackal (D:3)
  5 kobolds
  A bat (D:1)
  A rat (D:1)
13 creatures vanquished.

Grand Total: 54 creatures vanquished

Notes
Turn   | Place    | Note
-------+----------+-------------------------------------------
     0 | D:1      | kae the Tengu Summoner began the quest for the Orb.
     0 | D:1      | Reached XP level 1. HP: 10/10 MP: 4/4
   465 | D:1      | Reached skill level 5 in Summonings
   465 | D:1      | Reached XP level 2. HP: 16/16 MP: 4/6
   792 | D:1      | Found a faded altar of an unknown god.
  1312 | D:1      | Reached XP level 3. HP: 20/20 MP: 5/7
  1624 | D:2      | Reached skill level 1 in Fighting
  1635 | D:2      | Learned a level 2 spell: Call Imp
  1639 | D:2      | Learned a level 3 spell: Call Canine Familiar
  1817 | D:2      | Noticed Jessica
  1824 | D:2      | Killed Jessica
  1825 | D:2      | Reached XP level 4. HP: 22/25 MP: 8/8
  3586 | D:3      | Noticed Natasha
  3600 | D:3      | Killed Natasha
  3601 | D:3      | Reached skill level 6 in Summonings
  3601 | D:3      | Gained mutation: Your magical nature lets you fly swiftly
                  | and evasively. [Tengu growth]
  3601 | D:3      | Reached XP level 5. HP: 18/30 MP: 7/10
  3619 | D:3      | Noticed a water moccasin
  3638 | D:3      | Succumbed to a water moccasin's poison

Illustrated notes

Levels and vault maps discovered:
D:1:      wander_arrival_chamber, layout_basic, chequers_ecumenical_altar_island
D:2:      minmay_kobold_bridge, layout_basic, kennysheep_doodads,
          minmay_misc_feat_doors, uniq_jessica
D:3:      layout_loops_ring, uniq_natasha

Skill      XL: |  1  2  3  4 |
---------------+-------------+-----
Summonings     | 5 6 |  6.1
Fighting       | 1 |  1.7
Dodging        | 3 |  3.1
Stealth        | |  2.0
Spellcasting   | |  2.7

Action                   |  1- 3 |  4- 6 || total
-------------------------+-------+-------++-------
Melee: Unarmed           |     4 |       ||     4
       Peck              |     6 |    11 ||    17
       Dagger            |    37 |    62 ||    99
       Kick              |     7 |     8 ||    15
 Cast: Summon Small Mamm |    20 |    14 ||    34
       Call Imp          |       |     4 ||     4
       Call Canine Famil |       |     1 ||     1
  Use: Scroll            |       |     6 ||     6
       Potion            |       |     1 ||     1
 Stab: Sleeping          |     3 |       ||     3
Armor: Robe              |    12 |    14 ||    26
Dodge: Dodged            |    34 |    56 ||    90

Table legend: (Time is in decaauts)
 A = Elapsed time spent in this place.
 B = Non-inter-level travel time spent in this place.
 C = Inter-level travel time spent in this place.
 D = Time resting spent in this place.
 E = Time spent auto-exploring this place.
 F = Levels seen in this place.
 G = Mean time per level.
                   A        B        C        D        E       F      G
               +--------+--------+--------+--------+--------+-----+--------+
         Total |   3644 |   3563 |     81 |      0 |   3105 |   3 | 1214.7 |
       Dungeon |   3644 |   3563 |     81 |      0 |   3105 |   3 | 1214.7 |
               +--------+--------+--------+--------+--------+-----+--------+

Top non-repeatable levels by time:
     D:1: 1588 daAuts
     D:2: 1425 daAuts
     D:3: 630 daAuts
